SL
DETROIT ELITE @ LONG ISLAND LIGHTHOUSE
09/15/2042
 
TOP OF THE 1ST
Detroit Elite batting - Pitching for Long Island Lighthouse : RHP Greg Hodge
Pitching: RHP Greg Hodge
Batting: RHB Víctor Cuevas 0-0: Ball
1-0: Ground out 6-3 (Groundball, 6M, EV 98.1 MPH)
Batting: RHB Manuel Ramos 0-0: SINGLE (Line Drive, 9S, EV 86.9 MPH)
Batting: LHB Jack McCusker 0-0: Ball
1-0: Foul Ball, location: 2F
1-1: Ball
2-1: Ball
3-1: Called Strike
3-2: Foul Ball, location: 2F
3-2: Strikes out swinging
Batting: LHB Ashley Thachi 0-0: Ball
1-0: Ball
Manuel Ramos steals 2nd base
2-0: Called Strike
2-1: Called Strike
2-2: SINGLE (Groundball, 4D, EV 95.6 MPH)
Manuel Ramos to third
Runner from 3rd tries for Home, SAFE, no throw by CF
Batting: RHB Daryl Yandell 0-0: Ball
1-0: Swinging Strike
1-1: Ball
2-1: Called Strike
2-2: Ball
3-2: Strikes out looking
Top of the 1st over - 1 run, 2 hits, 0 errors, 1 left on base; Detroit 1 - Long Island 0
BOTTOM OF THE 1ST
Long Island Lighthouse batting - Pitching for Detroit Elite : RHP Lewis Carter
Pitching: RHP Lewis Carter
Batting: RHB Eugene Bennett 0-0: Ball
1-0: Ball
2-0: DOUBLE (Line Drive, 89XD, EV 102.5 MPH)
Batting: RHB Mark Toope 0-0: Ball
1-0: Ball
2-0: Swinging Strike
2-1: 2-RUN HOME RUN (Flyball, 7LD, EV 99.4 MPH), Distance : 339 ft
Batting: RHB Jonas van Claveren 0-0: Ball
1-0: Ball
2-0: Ball
3-0: Base on Balls
Batting: LHB Scott Kerin 0-0: Called Strike
0-1: Ball
1-1: Ball
2-1: Foul Ball, location: 2F
2-2: Ball
3-2: Base on Balls
Jonas van Claveren to second
Batting: RHB Iiri Haapajarvi 0-0: Swinging Strike
0-1: Called Strike
0-2: Ball
1-2: Strikes out swinging
Batting: RHB Colm Goodwill 0-0: Ball
1-0: Foul Ball, location: 2F
1-1: Ball
2-1: Swinging Strike
2-2: DOUBLE (Flyball, 8RXD, EV 100.0 MPH)
Jonas van Claveren scores
Scott Kerin to third
Runner from 3rd tries for Home, SAFE, no throw by CF
Batting: LHB León Castillo 0-0: Called Strike
0-1: Fly out, F7 (Flyball, 7LS, EV 91.2 MPH)
Batting: RHB Quan Easterling 0-0: Foul Ball, location: 2F
0-1: Swinging Strike
0-2: Strikes out looking
Bottom of the 1st over - 4 runs, 3 hits, 0 errors, 1 left on base; Detroit 1 - Long Island 4
TOP OF THE 2ND
Detroit Elite batting - Pitching for Long Island Lighthouse : RHP Greg Hodge
Batting: RHB Jeff Solís 0-0: Ground out U3 (Groundball, 3, EV 92.5 MPH)
Batting: RHB Freedon Akinmoladun 0-0: Called Strike
0-1: Called Strike
0-2: Ground out 6-3 (Groundball, 6, EV 85.0 MPH)
Batting: LHB Murray Sperber 0-0: Called Strike
0-1: Ball
1-1: Swinging Strike
1-2: Ball
2-2: Ball
3-2: Strikes out looking
Top of the 2nd over - 0 runs, 0 hits, 0 errors, 0 left on base; Detroit 1 - Long Island 4
BOTTOM OF THE 2ND
Long Island Lighthouse batting - Pitching for Detroit Elite : RHP Lewis Carter
Batting: RHB Carlos Mendoza 0-0: Ball
1-0: Ball
2-0: Foul Ball, location: 2F
2-1: Fly out, F7 (Flyball, 78S, EV 94.4 MPH)
Batting: RHB Eugene Bennett 0-0: Ball
1-0: Ball
2-0: Called Strike
2-1: Foul Ball, location: 2F
2-2: Strikes out swinging
Batting: RHB Mark Toope 0-0: Ball
1-0: Ball
2-0: Ball
3-0: Called Strike
3-1: Base on Balls
Batting: RHB Jonas van Claveren 0-0: Called Strike
0-1: Ball
1-1: Foul Ball, location: 2F
1-2: Foul Ball, location: 2F
1-2: TRIPLE (Flyball, 78XD, EV 105.0 MPH)
Mark Toope scores
Batting: LHB Scott Kerin 0-0: 2-RUN HOME RUN (Flyball, 89XD, EV 88.1 MPH), Distance : 406 ft
Pitching: LHP Tony Torres
Batting: RHB Iiri Haapajarvi 0-0: Ball
1-0: Ball
2-0: SINGLE (Groundball, 6MD, EV 101.2 MPH)
Batting: RHB Colm Goodwill 0-0: Ball
1-0: Ball
2-0: Ball
3-0: Base on Balls
Iiri Haapajarvi to second
Batting: LHB León Castillo 0-0: Called Strike
0-1: Ball
1-1: Swinging Strike
1-2: Ground out 1-3 (Groundball, P, EV 80.0 MPH)
Bottom of the 2nd over - 3 runs, 3 hits, 0 errors, 2 left on base; Detroit 1 - Long Island 7
TOP OF THE 3RD
Detroit Elite batting - Pitching for Long Island Lighthouse : RHP Greg Hodge
Batting: RHB Juan Amengual 0-0: Ball
1-0: Foul Ball, location: 2F
1-1: Called Strike
1-2: Strikes out looking
Batting: RHB Víctor Cuevas 0-0: Called Strike
0-1: Foul Ball, location: 2F
0-2: Foul Ball, location: 2F
0-2: Hit by Pitch
Batting: RHB Manuel Ramos 0-0: Called Strike
0-1: Ball
1-1: Ball
Víctor Cuevas steals 2nd base
2-1: Swinging Strike
2-2: Fly out, F9 (Flyball, 89M, EV 86.2 MPH)
Batting: LHB Jack McCusker 0-0: Called Strike
0-1: Called Strike
0-2: 2-RUN HOME RUN (Flyball, 9LD, EV 101.2 MPH), Distance : 339 ft
Batting: LHB Ashley Thachi 0-0: Ball
1-0: Foul Ball, location: 2F
1-1: Foul Ball, location: 2F
1-2: SINGLE (Line Drive, 78S, EV 107.5 MPH)
Batting: RHB Daryl Yandell 0-0: Ball
1-0: Ball
2-0: Ball
Wild Pitch!
Ashley Thachi to second
3-0: Called Strike
3-1: Base on Balls
Batting: RHB Jeff Solís 0-0: Ball
1-0: SINGLE (Line Drive, 6D, EV 100.0 MPH)
Ashley Thachi to third
Daryl Yandell to second
Runner from 3rd tries for Home, SAFE, throw by LF to home
Batting: RHB Freedon Akinmoladun 0-0: SINGLE (Groundball, 34D, EV 103.1 MPH)
Daryl Yandell to third
Jeff Solís to second
Runner from 3rd tries for Home, SAFE, no throw by RF
Batting: LHB Murray Sperber 0-0: Called Strike
0-1: Fly out, F7 (Flyball, 78D, EV 107.5 MPH)
Top of the 3rd over - 4 runs, 4 hits, 0 errors, 2 left on base; Detroit 5 - Long Island 7
BOTTOM OF THE 3RD
Long Island Lighthouse batting - Pitching for Detroit Elite : LHP Tony Torres
Batting: RHB Quan Easterling 0-0: Ball
1-0: Ball
2-0: Called Strike
2-1: Ball
3-1: Foul Ball, location: 2F
3-2: Base on Balls
Batting: RHB Carlos Mendoza 0-0: Called Strike
0-1: Grounds into double play, 6-4-3 (Groundball, 56, EV 116.2 MPH)
Batting: RHB Eugene Bennett 0-0: Ball
1-0: Foul Ball, location: 2F
1-1: Swinging Strike
1-2: Ball
2-2: Strikes out swinging
Bottom of the 3rd over - 0 runs, 0 hits, 0 errors, 0 left on base; Detroit 5 - Long Island 7
TOP OF THE 4TH
Detroit Elite batting - Pitching for Long Island Lighthouse : RHP Greg Hodge
Batting: RHB Juan Amengual 0-0: Ball
1-0: Called Strike
1-1: Called Strike
1-2: SINGLE (Groundball, 6MD, EV 105.6 MPH)
Batting: RHB Víctor Cuevas 0-0: Ball
1-0: Foul Ball, location: 2F
1-1: 2-RUN HOME RUN (Flyball, 7D, EV 101.2 MPH), Distance : 388 ft
Pitching: RHP Juriaan Roos
Batting: RHB Manuel Ramos 0-0: Hit by Pitch
Batting: LHB Jack McCusker 0-0: Called Strike
Manuel Ramos steals 2nd base
0-1: Foul Ball, location: 2F
0-2: Foul Ball, location: 2F
0-2: DOUBLE (Line Drive, 8RXD, EV 101.9 MPH)
Manuel Ramos scores
Batting: LHB Ashley Thachi 0-0: Called Strike
0-1: Ball
1-1: Ground out 4-3 (Groundball, 4, EV 102.5 MPH)
Jack McCusker to third
Batting: RHB Daryl Yandell 0-0: Called Strike
0-1: Ground out 4-3 (Groundball, 4, EV 83.8 MPH)
Jack McCusker scores
Batting: RHB Jeff Solís 0-0: Ball
1-0: Ball
2-0: Ground out 1-3 (Groundball, 23, EV 78.8 MPH)
Top of the 4th over - 4 runs, 3 hits, 0 errors, 0 left on base; Detroit 9 - Long Island 7
BOTTOM OF THE 4TH
Long Island Lighthouse batting - Pitching for Detroit Elite : LHP Tony Torres
Batting: RHB Mark Toope 0-0: Foul Ball, location: 2F
0-1: Foul Ball, location: 2F
0-2: Ball
1-2: Ball
2-2: Reached on error, E1 (Groundball, 25, EV 66.9 MPH)
Batting: RHB Jonas van Claveren 0-0: Ball
1-0: Foul Ball, location: 2F
1-1: Foul Ball, location: 2F
1-2: Ball
2-2: Ball
3-2: Ground out 5-3 (Groundball, 56, EV 85.0 MPH)
Batting: LHB Scott Kerin 0-0: Foul Ball, location: 2F
0-1: Ball
1-1: Foul Ball, location: 2F
1-2: Strikes out swinging
Batting: RHB Iiri Haapajarvi 0-0: 2-RUN HOME RUN (Flyball, 89XD, EV 91.9 MPH), Distance : 406 ft
Batting: RHB Colm Goodwill 0-0: Ball
1-0: Swinging Strike
1-1: Ball
2-1: Called Strike
2-2: Ground out 5-3 (Groundball, 56, EV 103.1 MPH)
Bottom of the 4th over - 2 runs, 1 hit, 1 error, 0 left on base; Detroit 9 - Long Island 9
TOP OF THE 5TH
Detroit Elite batting - Pitching for Long Island Lighthouse : RHP Juriaan Roos
Batting: RHB Freedon Akinmoladun 0-0: Ball
1-0: Ball
2-0: SINGLE (Groundball, 34D, EV 103.8 MPH)
Batting: LHB Murray Sperber 0-0: Called Strike
0-1: Called Strike
0-2: Foul Ball, location: 2F
0-2: Strikes out swinging
Batting: RHB Juan Amengual 0-0: Ball
1-0: Ball
2-0: SINGLE (Groundball, 3D, EV 101.9 MPH)
Freedon Akinmoladun to second
Batting: RHB Víctor Cuevas 0-0: Foul Ball, location: 2F
0-1: Fielders Choice at 2nd, 2-6 (Groundball, 13S, EV 64.4 MPH)
Freedon Akinmoladun to third
Batting: RHB Manuel Ramos 0-0: Ball
1-0: Called Strike
1-1: Called Strike
1-2: Ball
2-2: Ball
3-2: Fly out, F9 (Flyball, 9S, EV 80.6 MPH)
Top of the 5th over - 0 runs, 2 hits, 0 errors, 2 left on base; Detroit 9 - Long Island 9
BOTTOM OF THE 5TH
Long Island Lighthouse batting - Pitching for Detroit Elite : LHP Tony Torres
Batting: LHB León Castillo 0-0: Ball
1-0: Called Strike
1-1: Called Strike
1-2: SINGLE (Flyball, 8LS, EV 91.2 MPH)
Pitching: RHP Martín García
Batting: RHB Quan Easterling 0-0: Ball
1-0: Sac Bunt to 3S - play at first, batter OUT! 3-4
León Castillo to second
Batting: RHB Carlos Mendoza 0-0: Called Strike
0-1: Ground out 1-3 (Groundball, 23, EV 88.8 MPH)
León Castillo to third
Batting: RHB Eugene Bennett 0-0: Ball
1-0: Ball
2-0: Ground out 5-3 (Groundball, 56, EV 103.8 MPH)
Bottom of the 5th over - 0 runs, 1 hit, 0 errors, 1 left on base; Detroit 9 - Long Island 9
TOP OF THE 6TH
Detroit Elite batting - Pitching for Long Island Lighthouse : RHP Juriaan Roos
Batting: LHB Jack McCusker 0-0: Called Strike
0-1: Called Strike
0-2: Foul Ball, location: 2F
0-2: Ball
1-2: Foul Ball, location: 2F
1-2: Fly out, F7 (Line Drive, 7, EV 94.4 MPH)
Batting: LHB Ashley Thachi 0-0: Called Strike
0-1: Ball
1-1: Ground out 4-3 (Groundball, 4, EV 109.4 MPH)
Batting: RHB Daryl Yandell 0-0: Called Strike
0-1: Ball
1-1: Foul Ball, location: 2F
1-2: Foul Ball, location: 2F
1-2: Ball
2-2: Ball
3-2: SINGLE (Groundball, 6MD, EV 100.6 MPH)
Batting: RHB Jeff Solís 0-0: Ball
1-0: Foul Ball, location: 2F
1-1: Foul Ball, location: 2F
1-2: Foul Ball, location: 2F
1-2: Foul Ball, location: 2F
1-2: Ball
Wild Pitch!
Daryl Yandell to second
2-2: Foul Ball, location: 2F
2-2: Fly out, F6 (Popup, 6S, EV 66.9 MPH)
Top of the 6th over - 0 runs, 1 hit, 0 errors, 1 left on base; Detroit 9 - Long Island 9
BOTTOM OF THE 6TH
Long Island Lighthouse batting - Pitching for Detroit Elite : RHP Martín García
Batting: RHB Mark Toope 0-0: Ball
1-0: Foul Ball, location: 2F
1-1: SINGLE (Groundball, 56, EV 110.6 MPH)
Batting: RHB Jonas van Claveren 0-0: Ball
1-0: Called Strike
1-1: Ball
Mark Toope steals 2nd base
2-1: Fly out, F8 (Flyball, 8LD, EV 95.0 MPH)
Batting: LHB Scott Kerin 0-0: Ball
1-0: Called Strike
1-1: Foul Ball, location: 2F
1-2: Ball
2-2: Foul Ball, location: 2F
2-2: Strikes out swinging
Batting: RHB Iiri Haapajarvi 0-0: Called Strike
0-1: Swinging Strike
0-2: 2-RUN HOME RUN (Line Drive, 7LD, EV 102.5 MPH), Distance : 359 ft
Batting: RHB Colm Goodwill 0-0: Ball
1-0: Ball
2-0: Called Strike
2-1: DOUBLE (Line Drive, 9LS, EV 89.4 MPH)
Batting: LHB León Castillo 0-0: Called Strike
0-1: Ball
1-1: Ball
2-1: Foul Ball, location: 2F
2-2: Foul Ball, location: 2F
2-2: Ball
3-2: Base on Balls
Batting: RHB Quan Easterling 0-0: SINGLE (Flyball, 9S, EV 97.5 MPH)
Colm Goodwill to third
León Castillo to second
Runner from 3rd tries for Home, SAFE, throw by RF to home
Batting: RHB Carlos Mendoza 0-0: Swinging Strike
0-1: Ground out 5-3 (Groundball, 56S, EV 70.6 MPH)
Bottom of the 6th over - 3 runs, 4 hits, 0 errors, 2 left on base; Detroit 9 - Long Island 12
TOP OF THE 7TH
Detroit Elite batting - Pitching for Long Island Lighthouse : RHP Juriaan Roos
Batting: RHB Freedon Akinmoladun 0-0: Swinging Strike
0-1: Ball
1-1: Foul Ball, location: 2F
1-2: Foul Ball, location: 2F
1-2: Strikes out looking
Pitching: RHP Liam Thomson
Batting: LHB Murray Sperber 0-0: Called Strike
0-1: Ball
1-1: Ball
2-1: Foul Ball, location: 2F
2-2: SINGLE (Groundball, 4D, EV 105.0 MPH)
Batting: RHB Juan Amengual 0-0: Ball
1-0: Called Strike
1-1: SINGLE (Flyball, 89S, EV 95.6 MPH)
Murray Sperber to second
Batting: RHB Víctor Cuevas 0-0: SINGLE (Groundball, 6MD, EV 104.4 MPH)
Murray Sperber to third
Juan Amengual to second
Runner from 3rd tries for Home, SAFE, no throw by CF
Pinch Runner at 2nd Jeff Griffin:
Batting: RHB Manuel Ramos 0-0: Swinging Strike
0-1: Called Strike
0-2: Strikes out swinging
Batting: LHB Jack McCusker 0-0: Ball
1-0: Ball
2-0: Ball
3-0: Called Strike
3-1: Foul Ball, location: 2F
3-2: Foul Ball, location: 2F
3-2: Base on Balls
Jeff Griffin to third
Víctor Cuevas to second
Batting: LHB Ashley Thachi 0-0: Foul Ball, location: 2F
0-1: Foul Ball, location: 2F
0-2: Ball
1-2: Ball
2-2: Fly out, F8 (Flyball, 8RM, EV 91.9 MPH)
Top of the 7th over - 1 run, 3 hits, 0 errors, 3 left on base; Detroit 10 - Long Island 12
BOTTOM OF THE 7TH
Long Island Lighthouse batting - Pitching for Detroit Elite : RHP Martín García
Pitching: RHP Jeffery Prosser
Batting: RHB Eugene Bennett 0-0: Fly out, F7 (Flyball, 7LS, EV 97.5 MPH)
Batting: RHB Mark Toope 0-0: Ball
1-0: Called Strike
1-1: Swinging Strike
1-2: SOLO HOME RUN (Flyball, 7D, EV 95.0 MPH), Distance : 378 ft
Batting: RHB Jonas van Claveren 0-0: Ball
1-0: Ball
2-0: Called Strike
2-1: Ground out 6-3 (Groundball, 6M, EV 86.2 MPH)
Batting: LHB Scott Kerin 0-0: Called Strike
0-1: Called Strike
0-2: Foul Ball, location: 2F
0-2: Fly out, F9 (Flyball, 9, EV 90.0 MPH)
Bottom of the 7th over - 1 run, 1 hit, 0 errors, 0 left on base; Detroit 10 - Long Island 13
TOP OF THE 8TH
Detroit Elite batting - Pitching for Long Island Lighthouse : RHP Liam Thomson
Batting: RHB Daryl Yandell 0-0: Ball
1-0: Ball
2-0: Ball
3-0: Called Strike
3-1: Swinging Strike
3-2: Fly out, F8 (Flyball, 78D, EV 96.9 MPH)
Batting: RHB Jeff Solís 0-0: Called Strike
0-1: Foul Ball, location: 2F
0-2: Ball
1-2: Ball
2-2: Fly out, F8 (Flyball, 8LXD, EV 103.1 MPH)
Batting: RHB Freedon Akinmoladun 0-0: Called Strike
0-1: Swinging Strike
0-2: Ball
1-2: Foul Ball, location: 2F
1-2: Strikes out swinging
Top of the 8th over - 0 runs, 0 hits, 0 errors, 0 left on base; Detroit 10 - Long Island 13
BOTTOM OF THE 8TH
Long Island Lighthouse batting - Pitching for Detroit Elite : RHP Jeffery Prosser
Batting: RHB Iiri Haapajarvi 0-0: Ground out 5-3 (Groundball, 5S, EV 76.9 MPH)
Batting: RHB Colm Goodwill 0-0: Fly out, F9 (Flyball, 9D, EV 97.5 MPH)
Batting: LHB León Castillo 0-0: Ball
1-0: Swinging Strike
1-1: Ball
2-1: Ball
3-1: Called Strike
3-2: Foul Ball, location: 2F
3-2: Strikes out swinging
Bottom of the 8th over - 0 runs, 0 hits, 0 errors, 0 left on base; Detroit 10 - Long Island 13
TOP OF THE 9TH
Detroit Elite batting - Pitching for Long Island Lighthouse : RHP Liam Thomson
Pitching: RHP Carlos Rodríguez
Batting: LHB Murray Sperber 0-0: Foul Ball, location: 2F
0-1: Foul Ball, location: 2F
0-2: Fly out, F7 (Flyball, 78M, EV 88.8 MPH)
Batting: LHB Jeff Griffin 0-0: SINGLE (Groundball, 13, EV 74.4 MPH) (infield hit)
Batting: RHB Víctor Cuevas 0-0: Foul Ball, location: 2F
0-1: Foul Ball, location: 2F
0-2: Foul Ball, location: 2F
0-2: Foul Ball, location: 2F
0-2: Ball
1-2: Foul Ball, location: 2F
1-2: Strikes out swinging
Batting: RHB Manuel Ramos 0-0: Ball
1-0: Called Strike
1-1: Fly out, F8 (Flyball, 8RM, EV 89.4 MPH)
Top of the 9th over - 0 runs, 1 hit, 0 errors, 1 left on base; Detroit 10 - Long Island 13
Friday, March 26th, 2021 - OOTP Baseball 20.8 Build 74